Cogmind - Beta 14 @@@ ROGUE MODE // 2024.08.22 @ 14:23:09 Player: DZKane Result: Self-destructed Performance ------------- Evolutions (5) 2500 Regions Visited (6) 1200 Robots Destroyed (36) 180 Value Destroyed (1265) 1265 Prototype IDs (7) 140 Alien Tech Used (0) 0 Bonus (425) 425 TOTAL SCORE: 5710 Bonus ------- Follower Combat Kills 125 Registered with UFD 300 Cogmind --------- Core Integrity 177/1000 Matter 297/300 Energy 100/100 System Corruption 16% Temperature Cool (0) Movement Core (1400) Ox27 Location -5/Factory Parts ------- > --- POWER (2) -------- (None) > --- PROPULSION (4) --- (None) > --- UTILITY (8) ------ Huge Storage Unit > --- WEAPON (3) ------- Great Maul > --- INVENTORY (25) --- Nuclear Core Nuclear Core Micro Fission Core Armored Medium Treads Scrap Suit Scrap Suit Deep Structural Scanner Advanced Signal Interpreter Improved Terrain Scanner Surveybot 17 Chip Recoil Stabilizer Hardened Light Armor Plating Hardened Light Armor Plating Hacking Suite High-powered Tractor Beam High-powered Tractor Beam Improved Field Recycling Unit (0) Advanced Plasma Cannon Advanced Plasma Cannon Advanced Plasma Cannon Missile Launcher Dirty Datajack (20) Vortex Trap Peak State ------------ > --- POWER ------------ Light Angular Momentum Engine Micro Fission Core > --- PROPULSION ------- Advanced Treads Advanced Treads Overtuned Treads Overtuned Scrapsphere > --- UTILITY ---------- Scrap Suit Huge Storage Unit Deep Structural Scanner Hardened Medium Armor Plating Makeshift Light Armor Plating Improved Focal Shield Force Field > --- WEAPON ----------- Advanced Plasma Cannon KE Penetrator Great Maul > --- INVENTORY -------- Nuclear Core Nuclear Core Micro Fission Core Armored Medium Treads Scrap Suit Scrap Suit Advanced Signal Interpreter Improved Terrain Scanner Surveybot 17 Chip Advanced Targeting Computer Recoil Stabilizer Hardened Light Armor Plating Hardened Light Armor Plating Hacking Suite High-powered Tractor Beam High-powered Tractor Beam Improved Field Recycling Unit Advanced Plasma Cannon Advanced Plasma Cannon Advanced Plasma Cannon Missile Launcher Dirty Datajack Vortex Trap [Rating: 79] Favorites ----------- Power Light Ion Engine Engine Light Ion Engine Power Core Nuclear Core Propulsion Advanced Treads Treads Advanced Treads Wheel Subdweller Monowheel Utility Huge Storage Unit Device V3-11A's Pendant Storage Huge Storage Unit Processor Advanced Visual Processing Unit Protection Makeshift Light Armor Plating Weapon Maul Energy Gun Plasma Rifle Energy Cannon Proton Cannon Ballistic Gun Light Assault Rifle Launcher Grenade Launcher Impact Weapon Maul Special Melee Weapon Dirty Datajack Build | -11 -10 -10 -8 -8 -6 -5 ------- Run | Yrd Mat Sub Rec Scr Fac Fac Slots Evolved 10 | . . . . . 8 2 Power 1 | . . . . . 1 . Propulsion 2 | . . . . . 2 . Utility 6 | . . . . . 4 2 Weapon 1 | . . . . . 1 . Parts Attached 73 | 6 8 15 2 20 8 14 Power 11 | 1 2 1 . 3 1 3 Engine 6 | 1 2 1 . 1 . 1 Core 5 | . . . . 2 1 2 Reactor . | . . . . . . . Propulsion 18 | 2 1 5 2 6 2 . Treads 4 | . . . . 2 2 . Leg . | . . . . . . . Wheel 14 | 2 1 5 2 4 . . Hover . | . . . . . . . Flight . | . . . . . . . Utility 24 | 1 2 4 . 3 5 9 Device 13 | . 1 2 . . 3 7 Storage 3 | 1 1 . . 1 . . Processor 2 | . . . . 1 . 1 Hackware . | . . . . . . . Protection 6 | . . 2 . 1 2 1 Artifact . | . . . . . . . Weapon 20 | 2 3 5 . 8 . 2 Energy Gun 4 | 1 . . . 2 . 1 Energy Cannon 2 | . . . . 2 . . Ballistic Gun 6 | 1 3 . . 1 . 1 Ballistic Cannon . | . . . . . . . Launcher 1 | . . 1 . . . . Special Weapon . | . . . . . . . Impact Weapon 6 | . . 4 . 2 . . Slashing Weapon . | . . . . . . . Piercing Weapon . | . . . . . . . Special Melee Weapon 1 | . . . . 1 . . Unidentified Prototypes 1 | . . 1 . . . . Parts Lost 15 | . 1 2 . . . 12 Power 3 | . . 1 . . . 2 Propulsion 4 | . 1 1 . . . 2 Utility 6 | . . . . . . 6 Weapon 2 | . . . . . . 2 Highest Loss Streak 11 | . 1 2 . . . 11 To Critical Strikes . | . . . . . . . Average Slot Usage (%) 83 | . 95 98 85 74 85 91 Engine 10 | . 14 13 14 11 . 4 Core 2 | . . . . 1 13 5 Treads 8 | . . . . 12 13 16 Wheel 15 | . 27 27 28 9 6 4 Device 6 | . 9 9 14 . 12 19 Storage 12 | . 14 14 14 13 6 5 Processor 4 | . . . . 8 . . Protection 3 | . . 4 . 1 13 12 Energy Cannon 1 | . . . . 1 5 3 Ballistic Gun 3 | . 27 . . . . 3 Impact Weapon 12 | . . 26 14 12 6 5 Peak Build Rating 79 | 6 11 18 16 28 56 79 Average Rating 23 | 4 9 15 16 16 50 70 On Entrance 18 | . 6 11 16 16 27 54 Naked Turns 208 | . . . . 208 . . Heaviest Build 138 | 13 89 96 87 103 128 138 Greatest Support 40 | 20 20 40 40 40 8 8 Greatest Overweight (x) 39 | . 8 9 4 28 15 39 Average Overweight (x) 5 | . 2 3 2 4 15 16 Largest Inventory Capacity 25 | 8 25 25 25 25 25 25 Average Capacity 24 | 7 21 25 25 24 25 25 Most Carried 25 | 2 19 25 25 25 24 25 Average Carried 21 | 1 12 23 25 21 20 23 Final Capacity 25 | 8 25 25 25 25 25 25 Final Carried 25 | 2 19 25 25 25 20 25 Class Distribution -------------------- 75% | Mutant 24% | Derelict-Mutant Dominant Class ---------------- Mutant | -10/Materials Mutant | -10/Subcaves Mutant | -8/Recycling Mutant | -8/Scraptown Derelict-Mutant | -6/Factory Derelict-Mutant | -5/Factory Resources | -11 -10 -10 -8 -8 -6 -5 ----------- Run | Yrd Mat Sub Rec Scr Fac Fac Matter Collected 1365 | 268 204 265 10 210 35 373 Remotely . | . . . . . . . Salvage Created 1245 | 74 390 114 . . 35 632 Parts 63 | 2 32 3 . . 2 24 Haulers Intercepted 2 | . 2 . . . . . Recyclers Shooed 3 | . 1 . . . . 2 Parts Field Recycled . | . . . . . . . Retrieved Matter . | . . . . . . . Parts Self-Destructed 22 | . . 22 . . . . Prevented . | . . . . . . . Kills | -11 -10 -10 -8 -8 -6 -5 ------- Run | Yrd Mat Sub Rec Scr Fac Fac Combat Hostiles Destroyed 27 | . 10 3 . . 1 13 Melee 4 | . . 1 . . 1 2 Guns 16 | . 10 . . . . 6 Cannons 1 | . . . . . . 1 AOE 4 | . . . . . . 4 Classes Destroyed 13 | 1 5 3 . . 1 3 Worker 1 | . . . . . . 1 Builder 1 | . 1 . . . . . Hauler 2 | . 2 . . . . . Recycler 1 | 1 . . . . . . Operator 1 | . 1 . . . . . Turret 2 | . . 2 . . . . Watcher 1 | . . . . . . 1 Swarmer 10 | . 6 . . . . 4 Grunt 7 | . 4 . . . . 3 Sentry 1 | . . . . . . 1 Programmer 6 | . . . . . 1 5 Artisan 1 | . . 1 . . . . Subdweller 3 | . . 3 . . . . Best Kill Streak 4 | 1 3 2 . . 1 4 Combat Bots Only 4 | . 3 1 . . 1 4 Max Kills in Single Turn 4 | 1 2 1 . . 1 4 Gunslinging . | . . . . . . . Exploded 4 | . . . . . . 4 Melee 1 | . . 1 . . 1 1 Uniques/NPCs Destroyed . | . . . . . . . Combat | -11 -10 -10 -8 -8 -6 -5 -------- Run | Yrd Mat Sub Rec Scr Fac Fac Hostile Shots Fired 378 | . 37 64 . . 8 269 Missed 99 | . 9 24 . . 2 64 Damage Taken 4169 | . 265 458 . . 91 3355 Core 1012 | . 85 104 . . . 823 Absorbed by Shields 329 | . . . . . . 329 Ignored by Resistances 109 | . . . . . . 109 Regen/Repaired (Parts) 31 | . . . . . . 31 Core Remaining (%) 74 | 100 . . . 24 100 . Volleys Fired 102 | 8 36 12 . . . 46 Largest 2 | 2 2 1 . . . 2 Hottest 156 | 70 70 30 . . . 156 Shots Fired 162 | 16 72 12 . . . 62 Gun 141 | 16 72 . . . . 53 Cannon 9 | . . . . . . 9 Launcher 12 | . . 12 . . . . Special . | . . . . . . . Kinetic 115 | 8 67 . . . . 40 Thermal 27 | 8 5 . . . . 14 Explosive 12 | . . 12 . . . . Electromagnetic 8 | . . . . . . 8 Robot Hit Streak 11 | 4 9 . . . . 11 Robot Miss Streak 6 | 6 6 . . . . 3 Penetration Max 1 | . . . . . . 1 Secondary Targets 1 | . . . . . . 1 Max Gunslinging Chain 1 | . . . . . . 1 Shots Hit Robots 114 | 7 37 18 . . 4 48 Core Hits 63 | 3 24 13 . . 1 22 Critical Kills 1 | . . . . . . 1 Critical Parts Destroyed 8 | . . 4 . . 2 2 Critical Strikes 14 | 1 . 6 . . 2 5 Burn 3 | 1 . . . . . 2 Smash 11 | . . 6 . . 2 3 Melee Attacks 91 | . . 55 16 . 5 15 Impact 91 | . . 55 16 . 5 15 Slashing . | . . . . . . . Piercing . | . . . . . . . Sneak Attacks 3 | . . 1 . . . 2 Combat Hostiles . | . . . . . . . Follow-up Attacks 5 | . . 5 . . . . Damage Inflicted 3632 | 70 429 824 . . 175 2134 Guns 1588 | 70 429 . . . . 1089 Cannons 120 | . . . . . . 120 Explosions 705 | . . 222 . . . 483 Melee 1219 | . . 602 . . 175 442 Ramming . | . . . . . . . Kinetic 1283 | 33 390 . . . . 860 Thermal 820 | 37 39 . . . . 744 Explosive 222 | . . 222 . . . . Electromagnetic 88 | . . . . . . 88 Impact 1219 | . . 602 . . 175 442 Slashing . | . . . . . . . Piercing . | . . . . . . . Highest Corruption 16 | . . . . . . 16 Average Corruption 11 | . . . . . . 11 Corruption Purged . | . . . . . . . Corruption Blocked . | . . . . . . . Effects 29 | . . . . . . 29 Message Errors 5 | . . . . . . 5 Matter Fused 12 | . . . . . . 12 Heat Flow Errors 2 | . . . . . . 2 Energy Discharges 1 | . . . . . . 1 Data Loss (minor) 2 | . . . . . . 2 Data Loss (major) 3 | . . . . . . 3 Misfires 1 | . . . . . . 1 Misdirections 2 | . . . . . . 2 Weapon Failures 1 | . . . . . . 1 Overload Shots . | . . . . . . . Overflow Damage 608 | . . 232 . . 75 301 Projectiles . | . . . . . . . Explosions 38 | . . 9 . . . 29 Melee 570 | . . 223 . . 75 272 Knockbacks 5 | . . 3 . . . 2 Impact 5 | . . 3 . . . 2 Kinetic . | . . . . . . . Secondary . | . . . . . . . Self-Inflicted Damage 115 | . . 23 . . . 92 Shots 2 | . . 1 . . . 1 Rammed . | . . . . . . . Targets Rammed . | . . . . . . . Kicked . | . . . . . . . Crushed . | . . . . . . . Highest Temperature 360 | 140 90 235 . . . 360 Average Temperature 124 | 70 39 128 . . . 140 Received Heat Transfer 880 | . 60 422 . . . 398 Effects 2 | . . . . . . 2 Energy Bleed 2 | . . . . . . 2 Siege Activations . | . . . . . . . Robots Corrupted 4 | . . 3 . . . 1 Combat Hostiles 2 | . . 2 . . . . Parts Fried 7 | . . 3 . . 1 3 Impact Corruptions 19 | . . 8 . . 4 7 Robots Melted . | . . . . . . . Combat Hostiles . | . . . . . . . Parts Melted 4 | 1 . . . . . 3 Heat Transferred 1296 | 185 111 . . . . 1000 Parts Sabotaged 4 | . . . . . . 4 Parts Stolen . | . . . . . . . Parts Stripped . | . . . . . . . Power Chain Reactions . | . . . . . . . Alert | -11 -10 -10 -8 -8 -6 -5 ------- Run | Yrd Mat Sub Rec Scr Fac Fac Peak Influence 283 | 5 199 . 280 . 30 283 Initial 109 | . 3 . 109 . . 14 Average 112 | 1 77 . 158 . 2 152 Maximum Alert Level 1 | . . . 1 . . 1 Low Security (%) 82 | 100 100 . 70 . 100 68 Level 1 17 | . . . 29 . . 31 Level 2 . | . . . . . . . Level 3 . | . . . . . . . Level 4 . | . . . . . . . Level 5 . | . . . . . . . High Security . | . . . . . . . Max Security . | . . . . . . . Squads Dispatched 5 | . 2 . . . 1 2 Investigation . | . . . . . . . Extermination 3 | . . . . . 1 2 Reinforcement 2 | . 2 . . . . . Assault . | . . . . . . . Garrison . | . . . . . . . Intercept . | . . . . . . . Searches Triggered . | . . . . . . . Construction Impeded . | . . . . . . . Haulers Reinforced . | . . . . . . . Active Scanning Responses . | . . . . . . . Cargo Convoy Interrupts 1 | . . . . . . 1 Stealth | -11 -10 -10 -8 -8 -6 -5 --------- Run | Yrd Mat Sub Rec Scr Fac Fac Distress Signals 3 | . 2 . . . . 1 Communications Jammed . | . . . . . . . Distress Signals . | . . . . . . . Times Spotted 64 | . 20 15 . . 1 28 Peak Tracking Total 13 | . 3 4 . . 1 13 Tactical Retreats 5 | . 1 4 . . . . Traps | -11 -10 -10 -8 -8 -6 -5 ------- Run | Yrd Mat Sub Rec Scr Fac Fac Traps Triggered . | . . . . . . . Indirectly . | . . . . . . . Trap Hack Attempts . | . . . . . . . Triggered . | . . . . . . . Disarmed . | . . . . . . . Reprogrammed . | . . . . . . . Reused . | . . . . . . . Traps Extracted . | . . . . . . . Installed . | . . . . . . . Triggered . | . . . . . . . Most Traps Carried 1 | . . . . 1 1 1 Machines | -11 -10 -10 -8 -8 -6 -5 ---------- Run | Yrd Mat Sub Rec Scr Fac Fac Machines Disabled 9 | . . 2 . . . 7 Max in Single Turn 4 | . . 1 . . . 4 Machines Repaired . | . . . . . . . Machines Dismantled . | . . . . . . . Machines Sabotaged . | . . . . . . . Overloaded Fab Kills . | . . . . . . . Hacking | -11 -10 -10 -8 -8 -6 -5 --------- Run | Yrd Mat Sub Rec Scr Fac Fac Machines Accessed 20 | . 4 . 11 5 . . Terminals 10 | . 4 . 6 . . . Fabricators . | . . . . . . . Repair Stations . | . . . . . . . Recycling Units 5 | . . . 5 . . . Scanalyzers . | . . . . . . . Garrison Access . | . . . . . . . Total Hacks 71 | . 12 . 26 33 . . Successful 56 | . 6 . 17 33 . . Failed 15 | . 6 . 9 . . . Catastrophic 1 | . 1 . . . . . Database Lockouts . | . . . . . . . Manual 29 | . 11 . 18 . . . Terminals 32 | . 12 . 20 . . . Fabricators . | . . . . . . . Repair Stations . | . . . . . . . Recycling Units 6 | . . . 6 . . . Scanalyzers . | . . . . . . . Garrison Access . | . . . . . . . Terminal Hacks 44 | . 4 . 7 33 . . Record 32 | . . . . 32 . . Part Schematic 4 | . . . 4 . . . Robot Analysis 3 | . 3 . . . . . Terminal Index 1 | . . . 1 . . . Recycling Unit Index 1 | . . . 1 . . . Unreport Threat 1 | . 1 . . . . . Zone Layout 1 | . . . 1 . . . Derelict Proto ID Bank 1 | . . . . 1 . . Fabricator Hacks . | . . . . . . . Repair Station Hacks . | . . . . . . . Recycling Unit Hacks . | . . . . . . . Scanalyzer . | . . . . . . . Garrison Access Hacks . | . . . . . . . Unauthorized Hacks 12 | . 2 . 10 . . . Terminals 7 | . 2 . 5 . . . Botnet 4 | . 2 . 2 . . . Skim 3 | . . . 3 . . . Fabricators . | . . . . . . . Repair Stations . | . . . . . . . Recycling Units 5 | . . . 5 . . . Tunnel 5 | . . . 5 . . . Scanalyzers . | . . . . . . . Garrison Access . | . . . . . . . Data Cores Recovered . | . . . . . . . Used . | . . . . . . . Hacking Detections 8 | . 4 . 4 . . . Full Trace Events . | . . . . . . . Feedback Events . | . . . . . . . Feedback Blocked . | . . . . . . . Robot Schematics Acquired . | . . . . . . . Robots Built . | . . . . . . . Authchips . | . . . . . . . Time . | . . . . . . . Total Robot Build Rating . | . . . . . . . Part Schematics Acquired 4 | . . . 4 . . . Parts Built . | . . . . . . . Authchips . | . . . . . . . Time . | . . . . . . . Total Part Build Rating . | . . . . . . . Parts Repaired . | . . . . . . . Time . | . . . . . . . Parts Recycled . | . . . . . . . Recycled Matter . | . . . . . . . Retrieved Matter . | . . . . . . . Retrieved Components . | . . . . . . . Parts Scanalyzed . | . . . . . . . Part Schematics Acquired . | . . . . . . . Parts Damaged . | . . . . . . . Bothacking | -11 -10 -10 -8 -8 -6 -5 ------------ Run | Yrd Mat Sub Rec Scr Fac Fac Used RIF Installer . | . . . . . . . Robots Hacked . | . . . . . . . Non-combat . | . . . . . . . Combat . | . . . . . . . Robot Hacks Applied . | . . . . . . . Relay Couplers Released . | . . . . . . . Fabnet Peak Effective % . | . . . . . . . Robots Rewired . | . . . . . . . Allies Hacked . | . . . . . . . Hacks Repelled . | . . . . . . . Allies | -11 -10 -10 -8 -8 -6 -5 -------- Run | Yrd Mat Sub Rec Scr Fac Fac Total Allies 7 | . . 7 . . . . Largest Group 6 | . . 6 . . . . Highest-Rated Group 114 | . . 114 . . . . Highest-Rated Ally 19 | . . 19 . . . . Total Orders . | . . . . . . . Ally Attacks 39 | . . 39 . . . . Total Damage 409 | . . 409 . . . . Kills 9 | . . 9 . . . . Allies Corrupted . | . . . . . . . Allies Melted . | . . . . . . . Intel | -11 -10 -10 -8 -8 -6 -5 ------- Run | Yrd Mat Sub Rec Scr Fac Fac Robot Analysis Total 3 | . 3 . . . . . Derelict Logs Recovered 6 | . . 1 . 5 . . Drone Launches . | . . . . . . . Drone Recoveries . | . . . . . . . Exploration | -11 -10 -10 -8 -8 -6 -5 ------------- Run | Yrd Mat Sub Rec Scr Fac Fac Turns Passed 8952 | 65 898 1440 762 4301 369 1117 Spaces Moved 4329 | 39 422 880 532 1916 154 386 Core 440 | 1 . . . 438 . 1 Treads 546 | . . . . 546 . . Legs . | . . . . . . . Wheels 3343 | 38 422 880 532 932 154 385 Hover . | . . . . . . . Flight . | . . . . . . . Fastest Speed 50 | 50 80 119 130 50 220 210 Average Speed 180 | 79 111 133 130 218 220 236 Slowest Speed 2000 | 80 200 215 150 1450 220 2000 Overloaded Moves . | . . . . . . . Propulsion Burnouts . | . . . . . . . Robots Hopped . | . . . . . . . Cave-ins Triggered . | . . . . . . . Exploration Rate (%) 46 | 4 68 46 97 92 4 12 Regions Visited 6 Branch Regions 3 Pre-discovered Areas 9 | . . 1 5 3 . . Known Exits Taken 1 | . . . . . 1 . Unknown Exits Taken 5 | 1 1 1 1 1 . . Scrap Searched 10 | . . 5 . 5 . . Spaces Dug 26 | . . 4 16 . . 6 Terrain Destroyed 87 | . . 21 16 . . 50 Melee 26 | . . 4 16 . . 6 Projectile 7 | . . . . . . 7 AOE 54 | . . 17 . . . 37 Terrain Rammed . | . . . . . . . Walls Destroyed . | . . . . . . . Machines Disabled . | . . . . . . . Actions | -11 -10 -10 -8 -8 -6 -5 --------- Run | Yrd Mat Sub Rec Scr Fac Fac Total 5160 | 55 786 1048 568 2029 175 499 Wait 427 | . 295 59 19 32 5 17 Move 4323 | 38 421 879 531 1915 153 386 Hop . | . . . . . . . Pick Up 93 | 3 19 20 . 40 2 9 Fast Attach 23 | 5 3 2 . 10 . 3 Attach 18 | 1 1 2 . 6 7 1 Detach 1 | . . . . . 1 . Swap 32 | . 4 11 2 4 1 10 Drop 62 | . 7 20 . 22 1 12 Fire 102 | 8 36 12 . . . 46 Melee 79 | . . 43 16 . 5 15 Ram . | . . . . . . . Kick . | . . . . . . . Crush . | . . . . . . . Escape Stasis . | . . . . . . . Rewire . | . . . . . . . Trap . | . . . . . . . Miscellaneous . | . . . . . . . Route ------- -11/Scrapyard -10/Materials (discovered 3 exits: [*Mat] / [*Min] / [*Sub]) -10/Subcaves (discovered 2 exits: [*Mat] / *Rec) -8/Recycling (discovered 2 exits: [*Fac] / *Scr) -8/Scraptown (discovered 2 exits: [*Fac x2]) -6/Factory (discovered 4 exits: *Fac x3 / Low) -5/Factory (discovered 2 exits: Upp x2) History --------- Turn | Location | Event 22 | -11/Scrapyard | Discovered new exit (range 15) 66 | -11/Scrapyard | Entered Materials 203 | -10/Materials | Discovered new exit (range 8) 314 | -10/Materials | Build established: Mutant 488 | -10/Materials | Discovered new exit (range 7) 948 | -10/Materials | Discovered new exit (range 7) 964 | -10/Materials | Entered Subcaves 1006 | -10/Subcaves | Shifting Twisted Machinery released Sub. Laser 1044 | -10/Subcaves | Shifting Twisted Machinery released Flamer 1100 | -10/Subcaves | Core integrity fell below 50% 1215 | -10/Subcaves | A swath of the cavern ceiling suddenly collapsed 1382 | -10/Subcaves | Shifting Twisted Machinery released Scrap Shield 1394 | -10/Subcaves | Shifting Twisted Machinery released Sub. Machine Gun 1408 | -10/Subcaves | Learned location of Storage (-8) 1436 | -10/Subcaves | Visited triangular shrine 1448 | -10/Subcaves | Found Prototype Device 1448 | -10/Subcaves | Identified V3-11A's Pendant 1453 | -10/Subcaves | Befriended Subdweller 1543 | -10/Subcaves | Disturbed a concealed Subdweller 1543 | -10/Subcaves | Befriended Subdweller 1755 | -10/Subcaves | Discovered new exit (range 11) 1768 | -10/Subcaves | Befriended Subdweller 1888 | -10/Subcaves | Befriended Subdweller 1893 | -10/Subcaves | Befriended Subdweller 2038 | -10/Subcaves | Befriended Subdweller 2053 | -10/Subcaves | Befriended Subdweller 2304 | -10/Subcaves | Lost 6 allies 2308 | -10/Subcaves | Discovered new exit (range 14) 2360 | -10/Subcaves | Shifting Twisted Machinery released Flamer 2404 | -10/Subcaves | Entered Recycling 3091 | -8/Recycling | Discovered new exit (range 7) 3135 | -8/Recycling | Scanned before Scraplab entrance 3153 | -8/Recycling | Entered Scraplab 3163 | -8/Recycling | Discovered new exit (range 3) 3166 | -8/Recycling | Entered Scraptown 3225 | -8/Scraptown | Delivered V3-11A's Pendant to T0-NE2 in exchange for information 3382 | -8/Scraptown | Scanned Subdweller tech in exchange for log data 3386 | -8/Scraptown | Learned Research interactive machine intel 3387 | -8/Scraptown | Learned location of 1 exit from Proximity Caves 3389 | -8/Scraptown | Learned location of 1 exit from Research 3390 | -8/Scraptown | Learned Factory emergency access door positions 3391 | -8/Scraptown | Learned location of 1 exit from Factory 3418 | -8/Scraptown | Discovered new exit (range 13) 3541 | -8/Scraptown | Visited Shadow of the Wyrm 3561 | -8/Scraptown | Visited Spacefarers 3597 | -8/Scraptown | Visited The Evicted 3979 | -8/Scraptown | Visited Symbiants 4012 | -8/Scraptown | Visited Cyclists 4036 | -8/Scraptown | Visited UFD Registry 4036 | -8/Scraptown | Registered with UFD as "Kinetirunner" 4143 | -8/Scraptown | Visited TADAMA 4476 | -8/Scraptown | Visited Red Mages 5266 | -8/Scraptown | Visited Junk Repository 5385 | -8/Scraptown | Visited Observation Area 5555 | -8/Scraptown | Visited Scrapoid Research Area 5717 | -8/Scraptown | Delivered Scrap Shield to a Scientist 6322 | -8/Scraptown | Visited DA-N13 Charitable Foundation 6338 | -8/Scraptown | Found DCF Scrap (25 items) 6458 | -8/Scraptown | Visited Scrap Suit Storage 6467 | -8/Scraptown | Found Scrap Suit 6511 | -8/Scraptown | Visited Cartography Club 6573 | -8/Scraptown | Visited Science Guys 6653 | -8/Scraptown | Released all parts (6) 6685 | -8/Scraptown | Visited Research Penetration Think Tank 6741 | -8/Scraptown | Found Surveybot 17 Chip 6792 | -8/Scraptown | Learned location of Archives (-4) 6792 | -8/Scraptown | Learned location of Testing (-3) 6792 | -8/Scraptown | Learned 8 Materials zone layouts 6792 | -8/Scraptown | Learned 16 Materials zone layouts 6792 | -8/Scraptown | Learned 8 Research zone layouts 6792 | -8/Scraptown | Learned 16 Research zone layouts 6792 | -8/Scraptown | Learned 8 Access zone layouts 6792 | -8/Scraptown | Learned 4 Recycling zone layouts 6792 | -8/Scraptown | Learned 12 Lower Caves zone layouts 6792 | -8/Scraptown | Learned 20 Upper Caves zone layouts 6792 | -8/Scraptown | Learned 24 Upper Caves zone layouts 6792 | -8/Scraptown | Learned 16 Proximity Caves zone layouts 6792 | -8/Scraptown | Learned Materials emergency access door positions 6792 | -8/Scraptown | Learned location of 3 exits from Factory 6792 | -8/Scraptown | Learned location of 1 exit from Lower Caves 6804 | -8/Scraptown | Found Deep Structural Scanner 7013 | -8/Scraptown | Found Scrap Suit 7275 | -8/Scraptown | Build established: Derelict-Mutant 7277 | -8/Scraptown | Found Scrap Suit 7448 | -8/Scraptown | Discovered new exit (range 5) 7467 | -8/Scraptown | Entered Factory 7467 | -6/Factory | Evolved 8 slots: Power x1, Propulsion x2, Utility x4, Weapon x1 7468 | -6/Factory | Identified exit to Factory 7468 | -6/Factory | Identified exit to Lower Caves 7836 | -6/Factory | Entered another Factory area 7836 | -5/Factory | Evolved 2 slots: Utility x2 7837 | -5/Factory | Identified exit to Upper Caves 8421 | -5/Factory | System corruption reached 10% 8925 | -5/Factory | Cargo convoy interrupted 8949 | -5/Factory | Core integrity fell below 50% 8952 | -5/Factory | Core integrity fell below 20% 8953 | -5/Factory | Self-destructed Last Messages --------------- 08933_ Scrap Suit secures Adv. Plasma Cannon. 08934_ Lgt. Angular Momentum Engine destroyed. 08935_ Slug penetrates Wall. 08935_ Adv. Treads destroyed. 08935_ Slug penetrates Wall. 08940_ P-70 Sage resets X-77 Beamer, system corruption cleaned. 08940_ Adv. Targeting Computer destroyed. 08941_ Slug penetrates Wall. 08941_ Adv. Plasma Cannon destroyed. 08942_ Wall collapses. 08942_ Mic. Fission Core destroyed. 08943_ Slug penetrates Wall. 08943_ KE Penetrator destroyed. 08943_ Slug penetrates Wall. 08945_ Wall collapses. 08945_ Penetrated by Slug. 08946_ Scrap Suit destroyed. 08946_ Imp. Focal Shield destroyed. 08946_ Penetrated by Slug. Map ----- +----------------------------------------------------+ | #### # # ???????????? | | #### # # ???????????? | | #### # "" "" # ???????????? | | #### # "" "" # ???????????? | | #### # """ """ # ???????????? | | #### # """ """ + ???????????? | | #### # """ """ # ? | | #### # # ? | | #### # # ? | | ??## # #######+#######? | | #### # # ####? | | #### # # ####? | | #### ########+##### """ """ + ? | | #### + """ """ # ? | | #### ##+######## """ """ + ? | | #### # #### # ? | | #### # """ #### """ """ # ? | | #### # """ #### """ """ ####? | | ???# # """ #### """ """ ## ? | | #### # #### ## ? | | #### # #### """ """ ## "? | | #### ##/######## """ """ ## "? | | #### p%[!= = + """ """ ## "? | | #######x##/#=h ;### ## "? | | ## =px;%% #### ## "? | | ## = @ ; ###########+#### "? | | ?#= # h########### #### "? | | ?# * x # % #### "? | | ?#####+##### ######## #### "? | | ???????????# ??????## ####??? | | ??????????? #??????????????? | | ??????????? #??????????????? | | ??????????"" """ #??????????????? | | ??????????"" """ #??????????????? | | ???????????" """ #??????????????? | | ??????????? ??? #??????????????? | | ???????????" ???? ???????????????? | | ???????????" ????????????????????? | | ?????????????????????????????????? | | ?????????????????????????????????? | | ?????????????????????????????????? | | ?????????????????????????????????? | | ?????????????????????????????????? | | ?????????????????????????????????? | | ?????????????????????????????????? | | ?????????????????????????????????? | | ?????????????????????????????????? | | ?????????????????????????????????? | | ?????????????????????????????????? | | ?????????????????????????????????? | +----------------------------------------------------+ Best States ------------- Heat Dissipation 40 Energy Generation 28 Energy Capacity 380 Matter Stores 300 Matter Capacity 300 Sight Range 21 Terrain Scan Density 10 Armor Coverage 400 Resistance: KI 25 Evasion (%) 50 Targeting Accuracy 8 Recoil Reduction 7 Item Schematics ----------------- Imp. Sensor Array | -8/Recycling | Hacked Energy Filter | -8/Recycling | Hacked Hvy. Flail | -8/Recycling | Hacked Imp. Cooling System | -8/Recycling | Hacked Robot Schematics ------------------ None Fabricated ------------ Nothing Alien Tech Used ----------------- None Achievements -------------- None Challenges ------------ None Game ------ Seed ReflectiveHypercooledWeb Manual? 0 Play Time 01:05:20 Cumulative 78.7 hours Start 2024.08.22 @ 13:18:33 End 2024.08.22 @ 14:23:09 Sessions 1 Manual Loads 0 Difficulty Rogue Special Mode None Game No. 64 Rogue 64 Adventurer 0 Explorer 0 Win Type - Total 1 Types 1/0/0/0/0/0/0/0/0 Lore% 40 Gallery% 51 Achievement% 41 Wizard Run 0 Options --------- Layout 1 ASCII 0 Keyboard 0 Movement Numpad Keybinds 0 Fullscreen 1 Font 24/Smallcaps Map View 50x35 Zoom Use 0% Tactical HUD 1 Map Filters NONE Filters NONE Steam 1 RUN: 1756a1e1-1e9b-447e-a0b5-3a0446c7c725